 Dungeon Crawl Stone Soup version 0.28.0-1-gb440e238dd (webtiles) character file.

Game seed: 5764073922893827971

4391 themarg the Cleaver (level 10, -16/86 HPs)
             Began as a Minotaur Berserker on Feb 22, 2022.
             Was an Elder of Trog.
             Demolished by a death yak (19 damage)
             ... on level 8 of the Dungeon.
             The game lasted 00:21:50 (8122 turns).

themarg the Cleaver (Minotaur Berserker)            Turns: 8122, Time: 00:21:51

Health: -16/86     AC: 12    Str: 31    XL:     10   Next: 13%
Magic:  9/9        EV: 12    Int: 10    God:    Trog [****..]
Gold:   224        SH:  0    Dex: 11    Spells: 9/9 levels left

rFire   . . .      SeeInvis .   s - +0 battleaxe
rCold   . . .      Faith    .   (shield currently unavailable)
rNeg    . . .      Spirit   .   d - +0 scale mail
rPois   .          Reflect  .   (helmet restricted)
rElec   .          Harm     .   A - +1 cloak {Stlth+}
rCorr   .          Rampage  .   f - +0 pair of gloves
Will    .....                   (no boots)
Stlth   +.........              (no amulet)
HPRegen 0.24/turn               l - +6 ring of intelligence
MPRegen 0.11/turn               a - +6 ring of strength

@: on berserk cooldown, slowed, studying Slings, very slow
A: horns 2, retaliatory headbutt
a: Renounce Religion, Berserk, Trog's Hand, Brothers in Arms


You were on level 8 of the Dungeon.
You worshipped Trog.
Trog was greatly pleased with you.
You visited 2 branches of the dungeon, and saw 9 of its levels.

You collected 438 gold pieces.
You spent 214 gold pieces at shops.

Inventory:

Hand Weapons
 s - a +0 battleaxe (weapon)
Missiles
 i - 220 stones (quivered)
 k - a throwing net
 y - a curare-tipped dart
 G - 4 poisoned darts
Armour
 d - a +0 scale mail (worn)
 f - a +0 pair of gloves (worn)
 A - a +1 cloak of stealth (worn)
Jewellery
 a - a +6 ring of strength (right hand)
 g - a +4 ring of protection
 l - a +6 ring of intelligence (left hand)
 v - a ring of ice
 B - a +6 ring of intelligence
 E - a ring of protection from cold
Wands
 u - a wand of acid (8)
 x - a wand of digging (1)
 D - a wand of mindburst (15)
Scrolls
 c - 2 scrolls of teleportation
 h - a scroll of amnesia
 n - 2 scrolls of enchant weapon
 p - a scroll of fog {unknown}
 t - 3 scrolls of torment
 z - a scroll of magic mapping {unknown}
Potions
 b - 3 potions of degeneration
 e - a potion of cancellation
 j - a potion of flight
 m - 2 potions of curing
 o - a potion of resistance {unknown}
 q - a potion of brilliance {unknown}
 r - a potion of heal wounds
 w - a potion of attraction {unknown}
 C - a potion of might {unknown}
 F - a potion of berserk rage {unknown}


   Skills:
 + Level 7.3 Fighting
 + Level 13.3 Axes
 + Level 9.2 Armour
 + Level 4.8 Dodging
 + Level 1.0 Stealth


You had 9 spell levels left.
You didn't know any spells.
Your spell library was empty.

Dungeon Overview and Level Annotations

Branches:
Dungeon (8/15)             Temple (1/1) D:6            Lair (0/6) D:8

Altars:
Ashenzari
Dithmenos
Elyvilon
Gozag
Hepliaklqana
Nemelex Xobeh
Okawaru
Trog
Vehumet
Wu Jian
Yredelemnul
Zin

Shops:
D:2 :   D:6 [


Innate Abilities, Weirdness & Mutations

You have a pair of horns on your head.
You reflexively headbutt those who attack you in melee.


Message History

Press: ? - help, Shift-Dir - straight line, f - basilisk
Aim: a basilisk (severely wounded, 64% to hit)
The bolt of acid hits the basilisk!
You kill the basilisk!
Trog accepts your kill.
You can now call in reinforcements.
The elephant barely misses you. The elephant misses you.
Your Armour skill increases to level 9!
You hit the elephant.
You headbutt the elephant, but do no damage.
The elephant is almost dead.
The elephant tramples you.
You hold your ground!
The elephant trunk-slaps you. The elephant misses you.
The elephant trunk-slaps you but does no damage.
You slice the elephant!!
You kill the elephant!
Trog accepts your kill.
Your Stealth skill increases to level 1!
You slice the death yak!!
The death yak is moderately wounded.
The death yak closely misses you. The death yak gores you!!
You slash the death yak! You headbutt the death yak.
The death yak is heavily wounded.
The death yak closely misses you. The death yak barely misses you.
You slice the death yak!!
The death yak is almost dead.
The death yak gores you!!
* * * LOW HITPOINT WARNING * * *
You feel much better.
The death yak gores you but does no damage.
The death yak gores you!
* * * LOW HITPOINT WARNING * * *
The death yak gores you!
* * * LOW HITPOINT WARNING * * *
Aiming: Corrosive Bolt
Press: ? - help, Shift-Dir - straight line, f - death yak
Aim: a death yak (severely wounded, 90% to hit)
The bolt of acid hits the death yak!
The acid corrodes the death yak!
The death yak is almost dead.
The death yak gores you!!
You die...

#.#.###.....##
#####.# ....#
##...##
#.....# #.###
##+## #.#####
#. #.# #. #.#
#.## #.# ....#
###.# ##...#
#...#
#.....##@###
....P..#Y#
..P..P.#.#
......†..#
.........#
...>.....#
....)...##
........#
.P..!..##


You could see a death yak (corroded).

Vanquished Creatures
  Erica (D:8)
  An elephant (D:8)
  A hornet (D:8)
  3 yaks (D:8)
  A basilisk (D:8)
  A sky beast (D:7)
  2 orc warriors
  2 black bears
  An ice beast (D:5)
  A centaur (D:5)
  A phantom (D:6)
  A kobold brigand (D:6)
  2 bullfrogs
  7 scorpions
  3 water moccasin skeletons
  A water moccasin zombie (D:5)
  6 killer bees (D:5)
  A centaur zombie (D:7)
  7 hounds
  2 jellies
  3 orc priests
  A centaur skeleton (D:7)
  3 iguanas
  2 orc wizards (D:5)
  2 killer bee zombies
  A hound skeleton (D:4)
  2 howler monkey skeletons
  4 gnolls (D:4)
  10 adders
  2 white imps
  An ufetubus (D:6)
  An adder skeleton (D:5)
  8 worms
  2 dart slugs
  19 orcs
  17 endoplasms
  7 giant cockroaches
  8 goblins
  9 hobgoblins
  3 jackals (D:4)
  4 quokkas
  4 ball pythons
  18 bats
  A frilled lizard (D:2)
  10 kobolds
  9 rats
196 creatures vanquished.

Vanquished Creatures (others)
  9 fungi
  2 plants
11 creatures vanquished.

Grand Total: 207 creatures vanquished

Notes
Turn   | Place    | Note
-------+----------+-------------------------------------------
     0 | D:1      | themarg the Minotaur Berserker began the quest for the Orb.
     0 | D:1      | Reached XP level 1. HP: 19/19 MP: 0/0
    95 | D:1      | Reached XP level 2. HP: 21/27 MP: 1/1
   221 | D:1      | Reached skill level 4 in Axes
   698 | D:1      | Reached XP level 3. HP: 33/33 MP: 2/2
   703 | D:1      | Found a faded altar of an unknown god.
  1236 | D:2      | Found Ciuczifo's Book Boutique.
  1250 | D:2      | Reached ** piety under Trog
  1305 | D:2      | Found a hazy altar of Hepliaklqana.
  1821 | D:2      | Reached XP level 4. HP: 41/41 MP: 3/3
  2083 | D:3      | Reached skill level 5 in Axes
  2281 | D:3      | Noticed a scorpion
  2287 | D:3      | Killed a scorpion
  2288 | D:3      | Reached XP level 5. HP: 47/47 MP: 4/4
  2558 | D:3      | Reached skill level 6 in Axes
  2692 | D:4      | Reached *** piety under Trog
  2718 | D:4      | Reached XP level 6. HP: 33/53 MP: 5/5
  2852 | D:4      | Identified the +0 leather armour "Ochic" {rPois Int+4}
  2960 | D:4      | Found a broken altar of Ashenzari.
  3006 | D:4      | Found a shadowy altar of Dithmenos.
  3013 | D:4      | Reached skill level 7 in Axes
  3380 | D:5      | Entered Level 5 of the Dungeon
  3510 | D:5      | Reached skill level 5 in Fighting
  3510 | D:5      | Reached XP level 7. HP: 61/61 MP: 6/6
  3510 | D:5      | Found a white marble altar of Elyvilon.
  3555 | D:5      | Reached skill level 8 in Axes
  4016 | D:5      | Reached skill level 5 in Armour
  4430 | D:5      | Reached skill level 9 in Axes
  4432 | D:5      | Reached XP level 8. HP: 49/68 MP: 7/7
  5337 | D:6      | Found a staircase to the Ecumenical Temple.
  5363 | D:6      | Reached skill level 10 in Axes
  5372 | Temple   | Entered the Ecumenical Temple
  5658 | D:6      | Found a glowing silver altar of Zin.
  5709 | D:6      | Found a bloodstained altar of Trog.
  5744 | D:6      | Found an opulent altar of Gozag.
  5767 | D:6      | Reached **** piety under Trog
  6482 | D:6      | Reached skill level 11 in Axes
  6518 | D:6      | Reached XP level 9. HP: 61/75 MP: 8/8
  6760 | D:6      | Found Heqaxkun's Armour Shoppe.
  6764 | D:6      | Bought a +1 cloak of stealth for 214 gold pieces
  7760 | D:8      | Noticed Erica
  7767 | D:8      | Killed Erica
  7768 | D:8      | Reached skill level 12 in Axes
  7919 | D:8      | Paralysed by a hornet for 1 turns
  8055 | D:8      | Reached skill level 13 in Axes
  8103 | D:8      | Found a staircase to the Lair.
  8103 | D:8      | Noticed a death yak
  8103 | D:8      | Noticed an elephant
  8111 | D:8      | Reached XP level 10. HP: 76/86 MP: 9/9
  8115 | D:8      | Killed an elephant
  8116 | D:8      | Reached skill level 1 in Stealth
  8121 | D:8      | HP: 2/86 [death yak (13)]
  8122 | D:8      | Demolished by a death yak

Illustrated notes

Levels and vault maps discovered:
D:1:      minmay_arrival_hallway, layout_basic,
          shapermc_ecumenical_altar_acropolis
D:2:      layout_basic, basic_altar, serial_shops,
          nicolae_shop_advertising_works [nicolae_subvault_shop_adworks],
          serial_aquarium, aquarium_bridge_long_separate
          [aquarium_subvault_bridge, aquarium_subvault_window,
          aquarium_subvault_bridge, aquarium_subvault_balcony,
          aquarium_subvault_bridge, aquarium_subvault_wall],
          aquarium_bridge_square [aquarium_subvault_bridge,
          aquarium_subvault_wall, aquarium_subvault_window,
          aquarium_subvault_wall], aquarium_window_1,
          aquarium_window_corridor_1, aquarium_window_corner, aquarium_window_1,
          aquarium_view_2d, aquarium_view_2d, aquarium_balcony_1b,
          minmay_crystal_room, minmay_worlds_worst_comb
D:3:      layout_rooms, minmay_misc_feat_secret_circle,
          minmay_goblin_kobold_house
D:4:      layout_cave_pools, mainiacjoe_overflow_small_starburst,
          grunt_dithmenos_smoke_and_mirrors, minmay_statues_item
D:5:      layout_basic, elyvilon_altar_3
D:6:      old_forge, layout_loops_ring,
          pdpol_temple_overflow_zin_treasury_gozag_greed,
          trog_three_pillars_becter, minmay_temple_entry_sparse_star,
          serial_shops, shop
D:7:      layout_basic
D:8:      layout_loops_corners, david_lair_generic,
          hangedman_abyss_or_decor_passed, uniq_erica
Temple:   cyrus_circular_temple

Skill      XL: |  1  2  3  4  5  6  7  8  9 10 |
---------------+-------------------------------+-----
Fighting       | 4 5 6 7 |  7.3
Axes           | 4 5 6 7 9 11 13 | 13.3
Armour         | 3 4 5 7 8 9 |  9.2
Dodging        | 3 4 |  4.8
Stealth        | 1 |  1.0

Action                   |  1- 3 |  4- 6 |  7- 9 | 10-12 || total
-------------------------+-------+-------+-------+-------++-------
Melee: Hand axe          |   124 |   104 |       |       ||   228
       Headbutt          |    16 |    24 |    29 |     2 ||    71
       Punch             |       |     2 |       |       ||     2
       Battleaxe         |       |    24 |   184 |     7 ||   215
Invok: Berserk           |       |     3 |    12 |       ||    15
Evoke: Wand              |       |       |       |     2 ||     2
  Use: Scroll            |       |     3 |     6 |       ||     9
       Potion            |       |       |     1 |     1 ||     2
Armor: Animal skin       |     7 |       |       |       ||     7
       Scale mail        |    50 |    52 |   106 |     3 ||   211
Dodge: Dodged            |    89 |    64 |   145 |     8 ||   306
